 Dungeon Crawl Stone Soup version 0.31-a0-188-g5e087ee2ca (webtiles) character file.

Game seed: 9906778462034431084

23 qw the Shooter (level 2, 0/16 HPs)
             Began as a Deep Elf Hunter on June 22, 2023.
             Succumbed to their own poison gas
             ... on level 1 of the Dungeon.
             The game lasted 00:00:14 (924 turns).

qw the Shooter (Deep Elf Hunter)                     Turns: 924, Time: 00:00:15

Health: 0/16       AC:  4    Str:  8    XL:     2   Next: 75%
Magic:  4/4        EV: 12    Int: 13    God:
Gold:   33         SH:  0    Dex: 18    Spells: 1/1 levels left

rFire   . . .        Y - +0 shortbow
rCold   . . .        (shield currently unavailable)
rNeg    + . .        c - +0 leather armour
rPois   .            (no helmet)
rElec   .            f - +0 cloak
rCorr   .            (no gloves)
SInv    .            (no boots)
Will    .....        (no amulet)
Stlth   ++           i - ring of positive energy
HPRegen 0.22/turn    (no ring)
MPRegen 0.09/turn

%: no passive effects
@: mighty, lethally poisoned (0 -> -5)
A: no striking features
a: no special abilities


You were on level 1 of the Dungeon.
You visited 1 branch of the dungeon, and saw 1 of its levels.

You collected 33 gold pieces.


   Skills:
 - Level 1.5 Fighting
 + Level 6.5 Ranged Weapons
 - Level 2.4 Dodging
 - Level 1.2 Stealth


You had one spell level left.
You didn't know any spells.
Your spell library was empty.

Inventory:

Hand Weapons
 Y - a +0 shortbow (weapon)
Armour
 c - a +0 leather armour (worn)
 f - a +0 cloak (worn)
Jewellery
 i - a ring of positive energy (left hand)
Potions
 d - a potion of might

Dungeon Overview and Level Annotations

Branches:
Dungeon (1/15)

Altars:


Message History

The air fills with toxic fumes!
As you read the scroll labelled CUPPUE LENOED, it crumbles to dust.
It was a scroll of poison.
Done exploring.
916 ||| READING scroll labelled BUICOCH DEGE.
As you read the scroll labelled BUICOCH DEGE, it crumbles to dust.
It is a scroll of identify.
Really abort (and waste the scroll)?
Done exploring.
917 ||| DRINKING 2 bubbling red potions.
It was a potion of might.
You feel very mighty all of a sudden.
Done exploring.
918 ||| DROPPING scroll of butterflies.
You drop a scroll of butterflies.
Done exploring.
919 ||| DROPPING scroll of poison.
You drop a scroll of poison.
Done exploring.
(D) Dungeon
Where to? (* - list waypoints, ? - help)
What level of the Dungeon? (default 1, ? - help) Sorry, I don't know how to get there.
Enter note:
Enter note:
Enter note:
Enter note:
Enter note:
Enter note: Really walk into that cloud of poison gas?
You are engulfed in poison gas.
You are poisoned.
You feel very sick.
921 ||| Stepping ~*~*~tactically~*~*~ (cloud).
You feel very sick.
Things that are here:
a scroll of poison; a scroll of butterflies
There is a lethal amount of poison in your body!
You feel sick.
There is a lethal amount of poison in your body!
You feel sick.
There is a lethal amount of poison in your body!
You die...

.......................#
#########.#.####0#####.##########
...............¤¤¤.....>.........
#########.######¤####%..#########
#.# #¤####...######### #.#
#0#............... #.#
#¤#.##%..######### #.#
#¤#.##............ #.#
#@#.###..######### #.# #¤#.# #..#
#.# #¤#.# #..# #.# #0#.# #..#
#.######¤#.# #..# #......0¤#.#
#..######### ####.########.#
#>.......... #.....#
#.############## #.###.#
#.#....%.......#


There were no monsters in sight!

Vanquished Creatures
  A dart slug (D:1)
  An endoplasm (D:1)
  A giant cockroach (D:1)
  3 goblins (D:1)
  A hobgoblin (D:1)
  2 jackals (D:1)
  A kobold (D:1)
  4 ball pythons (D:1)
  3 bats (D:1)
  A frilled lizard (D:1)
  A rat (D:1)
19 creatures vanquished.

Notes
Turn   | Place    | Note
-------+----------+-------------------------------------------
     0 | D:1      | qw the Deep Elf Hunter began the quest for the Orb.
     0 | D:1      | Reached XP level 1. HP: 12/12 MP: 3/3
     0 | D:1      | 0 ||| qw: Version: 0.3-a-9-g12657ce
     0 | D:1      | 0 ||| qw: Game counter: 2882
     0 | D:1      | 0 ||| qw: Always use a shield: true
     0 | D:1      | 0 ||| qw: God list: Okawaru
     0 | D:1      | 0 ||| qw: Allow faded altars: false
     0 | D:1      | 0 ||| qw: Do Orc after D:15 true
     0 | D:1      | 0 ||| qw: Do second Lair branch before Depths: true
     0 | D:1      | 0 ||| qw: Lair rune preference: random
     0 | D:1      | 0 ||| qw: Plans: Normal
     0 | D:1      | 0 ||| PLANNING D:1-11
   244 | D:1      | Reached skill level 6 in Ranged Weapons
   244 | D:1      | Reached XP level 2. HP: 16/16 MP: 4/4
   906 | D:1      | 906 ||| UPGRADING to +0 cloak.
   911 | D:1      | 911 ||| UPGRADING to ring of positive energy.
   912 | D:1      | 912 ||| READING scroll labelled TOICVYU EXITS.
   915 | D:1      | 915 ||| READING 2 scrolls labelled CUPPUE LENOED.
   916 | D:1      | 916 ||| READING scroll labelled BUICOCH DEGE.
   917 | D:1      | 917 ||| DRINKING 2 bubbling red potions.
   918 | D:1      | 918 ||| DROPPING scroll of butterflies.
   919 | D:1      | 919 ||| DROPPING scroll of poison.
   921 | D:1      | 921 ||| Stepping ~*~*~tactically~*~*~ (cloud).
   921 | D:1      | HP: 4/16 [poisoned by you (poison gas)]
   924 | D:1      | Succumbed to their own poison gas

Levels and vault maps discovered:
D:1:      ncdulo_wetmaze, layout_basic, serial_bayou_pond_e

Skill      XL: |  1 |
---------------+----+-----
Ranged Weapons | 6 |  6.5
Fighting       | |  1.5
Dodging        | |  2.4
Stealth        | |  1.2

Action                     || total
---------------------------++-------
   Fire: Shortbow          ||    50
    Use: Scroll            ||     3
         Potion            ||     1
 Armour: Leather armour    ||     6
  Dodge: Dodged            ||     5

Table legend:
 A = Non-vault XP
 B = Vault XP
 C = Vault XP percentage of total XP
 D = Non-vault monster count
 E = Vault monster count
 F = Vault count percentage of total count
                 A         B        C        D         E       F
            +---------+---------+-------+---------+---------+-------
      Total |      34 |       0 |   0.0 |      19 |       0 |   0.0
            +---------+---------+-------+---------+---------+-------
        D:1 |      34 |       0 |   0.0 |      19 |       0 |   0.0
            +---------+---------+-------+---------+---------+-------
